 Dungeon Crawl Stone Soup version 0.31.0-4-g52a2dc7128 (webtiles) character file.

Game seed: 15222961356943562267

373 greatermn the Conjurer (level 6, 0/32 HPs)
             Began as a Deep Elf Conjurer on Jan 22, 2024.
             Slain by a bullfrog (6 damage)
             ... in a sewer on Jan 23, 2024.
             The game lasted 01:16:29 (3005 turns).

greatermn the Conjurer (Deep Elf Conjurer)          Turns: 3005, Time: 01:16:37

Health: 0/32       AC:  5    Str:  4    XL:     6   Next: 43%
Magic:  10/17      EV: 11    Int: 25    God:
Gold:   140        SH:  4    Dex: 13    Spells: 11/17 levels left

rFire   . . .        i - +2 dagger (venom)
rCold   . . .        e - +0 buckler
rNeg    . . .        a - +0 robe
rPois   .            o - +2 helmet
rElec   .            (no cloak)
rCorr   .            (no gloves)
SInv    .            (no boots)
Will    .....        (no amulet)
Stlth   +            (no ring)
HPRegen 0.25/turn    (no ring)
MPRegen 0.15/turn

%: no passive effects
@: very slow
A: no striking features
a: no special abilities


You were in a sewer.
You visited 1 branch of the dungeon, and saw 4 of its levels.
You also visited: Sewer.

You collected 140 gold pieces.

Inventory:

Hand Weapons
 f - a +0 dagger
 i - a +2 dagger of venom (weapon)
 q - a +0 sling
 r - the +7 orcbow of Paper {freeze, ^Fragile Dex+3 SInv}
   (You found it on level 2 of the Dungeon)

   Dex+3:     It affects your dexterity (+3).
   SInv:      It lets you see invisible.
   ^Fragile:  It will be destroyed if unequipped.
 s - a +0 short sword of draining
Missiles
 c - 31 stones
Armour
 a - a +0 robe (worn)
 e - a +0 buckler (worn)
 o - a +2 helmet (worn)
Jewellery
 w - an amulet of guardian spirit
Wands
 m - a wand of mindburst (16)
 v - a wand of polymorph (8)
Scrolls
 d - 2 scrolls of fear {unknown}
 h - 3 scrolls of poison {unknown}
 k - 2 scrolls of teleportation {unknown}
 n - 2 scrolls of immolation {unknown}
 p - a scroll of identify {unknown}
 y - a scroll of fog {unknown}
Potions
 b - a potion of magic
 g - 2 potions of heal wounds {unknown}
 j - a potion of degeneration {unknown}
 l - 2 potions of curing
 t - a potion of haste {unknown}
 u - a potion of lignification {unknown}
 x - 3 potions of enlightenment {unknown}
 z - a potion of invisibility {unknown}
 A - a potion of ambrosia {unknown}


   Skills:
 + Level 0.2 Fighting
 + Level 3.2 Dodging
 + Level 3.3 Stealth
 + Level 0.9 Shields
 + Level 6.0 Spellcasting
 + Level 6.4 Conjurations


You had 11 spell levels left.
You knew the following spells:

 Your Spells              Type           Power      Damage    Failure   Level
a - Magic Dart            Conj           100%       1d8       1%          1
b - Slow                  Hex            28%        N/A       14%         1
c - Iskenderun's Mystic   Conj/Tloc      23%        2d6       36%         4

Your spell library contained the following spells:

 Spells                   Type           Power      Damage    Failure   Level
 Searing Ray              Conj           78%        2d7       1%          2
 Fulminant Prism          Conj/Alch      11%        3d8       36%         4
 Confusing Touch          Hex            7%         N/A       41%         3
 Gell's Gravitas          Tloc           7%         N/A       41%         3
 Sigil of Binding         Hex            7%         N/A       41%         3
 Teleport Other           Tloc           7%         N/A       41%         3
 Vampiric Draining        Necr           7%         2d6       41%         3
 Dispersal                Tloc           3%         N/A       100%        6


Dungeon Overview and Level Annotations

Branches:
Dungeon (4/15)              Sewer (1/1)
 Temple: D:4-7

Altars:
Wu Jian


Message History

The bullfrog hits you.
* * * LOW HITPOINT WARNING * * *
You feel better. You block the adder's attack.
You block the ball python's attack. The ball python constricts you.
The ball python bites you.
* * * LOW HITPOINT WARNING * * *
The bullfrog closely misses you. The bullfrog misses you. The adder bites you.
* * * LOW HITPOINT WARNING * * *
The ball python barely misses you. The ball python constricts you.
* * * LOW HITPOINT WARNING * * *
You are a level 6 Deep Elf Conjurer.
You are 43% of the way to level 7.
Play time: 01:12:56 (3005 turns).
Zot will find you in 5272 turns if you stay in this branch and explore no new floors.
Hit: i) +2 dagger (venom)
Press: ? - help, Dir - move target, f - bullfrog
Aim: a bullfrog (about 42% to evade your +2 dagger of venom)
Okay, then.
Unknown command.
Unknown command.
Casting: Magic Dart (safe; 1% risk of failure)
Confirm with . or Enter, or press ? or * to list all spells.
You erupt in a blast of force!
The mystic blast hits the endoplasm.
The endoplasm is severely wounded.
The endoplasm is knocked back by the mystic blast.
The endoplasm violently stops moving!
You kill the endoplasm!
The mystic blast hits the bullfrog!
The bullfrog is moderately wounded.
The mystic blast hits the adder.
The adder is heavily wounded.
The adder is knocked back by the mystic blast.
The mystic blast hits the ball python.
You kill the ball python!
The mystic blast hits the ball python!
You kill the ball python!
The mystic blast hits the bullfrog!
The bullfrog is heavily wounded.
The bullfrog is knocked back by the mystic blast.
The bullfrog hits you.
You die...

####################
..~≈≈≈≈≈≈≈≈~≈≈≈≈~..###
..≈≈≈~≈F..@≈≈≈~≈≈~...##
.~~≈~~~≈~F≈†~~~≈≈.....#
..≈~~~~≈≈≈≈≈~~~~~.....#
.~~~~≈~≈≈≈S≈≈~~≈~~....##
..≈≈≈≈≈≈≈≈≈≈≈≈≈≈≈......#
###################....#
####...## #..#....#
#..'....#


You could see 2 bullfrogs and an adder.

Vanquished Creatures
  A phantom (D:4)
  15 adders
  5 river rats (Sewer)
  4 dart slugs
  6 orcs
  23 ball pythons
  7 bats
  5 endoplasms
  4 giant cockroaches
  3 goblins
  5 hobgoblins
  3 jackals (D:2)
  3 quokkas
  5 frilled lizards
  2 kobolds
  34 rats
125 creatures vanquished.

Notes
Turn   | Place    | Note
-------+----------+-------------------------------------------
     0 | D:1      | greatermn the Deep Elf Conjurer began the quest for the
                  | Orb.
     0 | D:1      | Reached XP level 1. HP: 10/10 MP: 6/6
   165 | D:1      | Reached XP level 2. HP: 11/15 MP: 1/8
   273 | D:1      | Reached skill level 5 in Conjurations
   866 | D:2      | Reached XP level 3. HP: 19/19 MP: 5/9
  1181 | D:2      | Found an ornate altar of the Wu Jian Council.
  1213 | D:2      | Identified the +7 orcbow of Paper {freeze, ^Fragile Dex+3
                  | SInv}
  1301 | D:3      | Reached XP level 4. HP: 24/24 MP: 9/11
  1728 | D:3      | Found a faded altar of an unknown god.
  1881 | D:3      | Reached XP level 5. HP: 24/28 MP: 5/13
  2137 | D:4      | Noticed a phantom
  2146 | D:4      | Killed a phantom
  2147 | D:4      | Reached skill level 5 in Spellcasting
  2171 | D:4      | Learned a level 1 spell: Slow
  2247 | D:4      | Reached XP level 6. HP: 32/32 MP: 2/16
  2270 | D:4      | Found a glowing drain.
  2345 | Sewer    | Entered a sewer
  2502 | Sewer    | Learned a level 4 spell: Iskenderun's Mystic Blast
  3005 | Sewer    | Slain by a bullfrog

Illustrated notes

Levels and vault maps discovered:
D:1:      lightli_arrival_noodles, layout_loops_ring, serial_glass,
          glass_columns_b, glass_columns_a, minmay_strange_pillars,
          item_on_display_a, due_unseen_surprise
D:2:      layout_basic, basic_altar, minmay_bisected
D:3:      layout_loops_cross, shapermc_ecumenical_altar_venn, minmay_surrounded
D:4:      layout_loops_ring, lemuel_coloured_pillars_altar,
          portal_sewer_entry_e, gammafunk_ghost_smash
Sewer:    sewer_minmay_w

Skill      XL: |  1  2  3  4  5  6 |
---------------+-------------------+-----
Conjurations   | 5 6 |  6.4
Spellcasting   | 4 5 6 |  6.0
Stealth        | 3 |  3.3
Dodging        | 3 |  3.2
Fighting       | |  0.2
Shields        | |  0.9

Action                     |  1- 3 |  4- 6 || total
---------------------------+-------+-------++-------
  Melee: Dagger            |     1 |    46 ||    47
   Cast: Magic Dart        |    78 |   162 ||   240
         Iskenderun's Myst |       |     1 ||     1
    Use: Potion            |       |     4 ||     4
   Stab: Sleeping          |       |     1 ||     1
 Armour: Robe              |     7 |   100 ||   107
  Dodge: Dodged            |     7 |    98 ||   105
  Block: Buckler           |     1 |    33 ||    34
